Map: Romanticide LE

Players

Probe - Winner!

  • Race: Protoss Protoss

Ranger

  • Race: Protoss Protoss
  • League: Grandmaster

Event: DreamHack SC2 Masters 2021 Summer

VOD

Have the link to the VOD?

Description

Time

  • Played on: May 21, 2021, 4:41 a.m.
  • Length: 6:18

All games in this series

Show
View Real Time Build Order
Export as new Build Order

Probe Protoss - Winner!

Build Orders: Blink Stalkers 

Get SALT Encoding   

  12  0:00  Probe  
  13  0:12  Probe  
  14  0:17  Pylon  
  14  0:24  Probe (Chrono Boost)  
  15  0:37  Probe (Chrono Boost)  
  15  0:39  Gateway  
  16  0:44  Probe (Chrono Boost)  
  16  0:48  Assimilator  
  17  0:51  Probe  
  18  0:58  Assimilator  
  18  1:03  Probe (Chrono Boost)  
  19  1:08  Gateway  
  19  1:13  Probe (Chrono Boost)  
  19  1:18  Probe (Chrono Boost)  
  21  1:28  Cybernetics Core  
  21  1:29  Probe  
  22  1:34  Pylon  
  22  1:41  Probe  
  22  1:44  Pylon  
  23  1:53  Probe  
  24  2:05  Stalker x2  
  24  2:06  Warp Gate  
  28  2:14  Pylon  
  28  2:22  Twilight Council  
  28  2:26  Probe  
  29  2:39  Stalker  
  29  2:42  Stalker  
  32  2:59  Blink (Chrono Boost)  
  32  3:15  Nexus  
  32  3:25  Gateway  
  32  3:29  Probe  
  33  3:41  Probe  
  34  3:45  Shield Battery  
  34  3:54  Stalker x2  
  38  4:01  Pylon  
  38  4:20  Stalker x2  
  38  4:24  Stalker  
  44  4:30  Pylon  
  44  4:46  Stalker x2  
  44  4:49  Probe  
  49  4:54  Stalker  
  49  4:58  Probe  
  50  5:02  Probe  
  51  5:10  Probe  
  51  5:11  Stalker  
  54  5:21  Stalker, Pylon  
  56  5:25  Probe  
  57  5:29  Probe  
  58  5:36  Stalker  
  58  5:37  Probe  
  58  5:41  Probe  
  60  5:43  Stalker  
  60  5:49  Probe  
  57  5:53  Probe  
  58  6:01  Probe  
  58  6:06  Probe  
Show
View Real Time Build Order
Export as new Build Order

Ranger Protoss 

Build Orders: Proxy Void Ray 

Get SALT Encoding   

  12  0:00  Probe  
  13  0:12  Probe  
  14  0:20  Pylon  
  14  0:25  Probe (Chrono Boost)  
  15  0:38  Probe (Chrono Boost)  
  15  0:42  Gateway  
  16  0:46  Probe (Chrono Boost)  
  17  0:52  Probe  
  17  0:55  Assimilator  
  18  1:04  Probe  
  19  1:18  Probe  
  19  1:22  Assimilator  
  20  1:27  Zealot (Chrono Boost)  
  20  1:30  Cybernetics Core  
  20  1:32  Probe  
  23  1:33  Pylon  
  23  1:51  Probe  
  24  2:03  Probe  
  24  2:08  Nexus  
  25  2:13  Pylon  
  25  2:19  Stalker (Chrono Boost)  
  27  2:24  Warp Gate  
  27  2:28  Probe  
  28  2:35  Shield Battery  
  28  2:45  Stargate  
  28  2:51  Probe  
  29  3:02  Pylon  
  29  3:03  Probe  
  29  3:15  Stalker  
  32  3:20  Probe (Chrono Boost), Void Ray (Chrono Boost)  
  32  3:25  Probe (Chrono Boost)  
  33  3:31  Probe (Chrono Boost)  
  38  3:42  Shield Battery  
  38  3:49  Probe  
  38  3:52  Void Ray  
  38  3:53  Probe  
  40  4:01  Shield Battery  
  44  4:03  Pylon  
  44  4:05  Probe  
  44  4:06  Probe  
  46  4:13  Pylon  
  46  4:16  Gateway  
  46  4:18  Probe (Chrono Boost)  
  46  4:24  Probe (Chrono Boost)  
  48  4:30  Probe (Chrono Boost)  
  49  4:34  Probe (Chrono Boost)  
  49  4:35  Twilight Council  
  49  4:37  Probe (Chrono Boost)  
  49  4:39  Sentry  
  49  4:42  Probe  
  52  4:47  Gateway  
  52  4:49  Probe  
  52  4:50  Assimilator  
  53  4:54  Gateway, Probe  
  53  4:57  Void Ray  
  54  5:04  Probe  
  54  5:06  Probe  
  60  5:11  Stalker  
  54  5:14  Stalker  
  54  5:18  Shield Battery  
  54  5:21  Pylon  
  56  5:24  Shield Battery  
  56  5:32  Shield Battery  
  52  5:37  Stalker x2  
  48  5:44  Shield Battery  
  48  5:48  Stalker  
Tags
 
Add a new tag
Caveats
  • Supply blocks, unpowered buildings, or Contaminate may cause inaccurate times.
  • Supply counts are checked every 10 seconds.